 Dungeon Crawl Stone Soup version 0.31-a0-339-gda1cbd555d (webtiles) character file.

Game seed: 614659376777206074

21 promet the Stinger (level 2, 0/13 HPs)
             Began as a Vine Stalker Wanderer on July 21, 2023.
             Slain by a gnoll
             ... wielding a +0 flail
              (1 damage)
             ... on level 1 of the Dungeon.
             The game lasted 00:02:51 (727 turns).

promet the Stinger (Vine Stalker Wanderer)           Turns: 727, Time: 00:02:52

Health: 0/13       AC:  8    Str: 16    XL:     2   Next: 83%
Magic:  0/6        EV:  7    Int: 11    God:
Gold:   100        SH:  4    Dex: 12    Spells: 4/5 levels left

rFire   . . .        a - +0 club
rCold   . . .        b - +0 buckler
rNeg    . . .        d - +0 chain mail
rPois   .            (no helmet)
rElec   .            (no cloak)
rCorr   .            (no gloves)
SInv    .            (no boots)
Will    .....        (no amulet) Stlth
                     (no ring)
HPRegen 0.22/turn    (no ring)
MPRegen 0.10/turn

%: guardian spirit
@: very slightly contaminated
A: fangs 2, magic shield, antimagic bite, no potion heal 2
a: no special abilities


You were on level 1 of the Dungeon.
You visited 1 branch of the dungeon, and saw 1 of its levels.

You collected 100 gold pieces.

Inventory:

Hand Weapons
 a - a +0 club (weapon)
Missiles
 h - 6 stones
Armour
 b - a +0 buckler (worn)
 d - a +0 chain mail (worn)
Scrolls
 c - a scroll of fear
 e - 3 scrolls of noise {unknown}
 g - a scroll of identify {unknown}


   Skills:
 + Level 0.2 Maces & Flails
 + Level 2.7 Armour
 + Level 1.0 Dodging
 + Level 1.0 Shields
 + Level 2.4 Spellcasting
 + Level 0.2 Transmutations
 + Level 3.4 Poison Magic


You had 4 spell levels left.
You knew the following spells:

 Your Spells              Type           Power      Damage    Failure   Level
a - Sting                 Tmut/Pois      20%        1d4       92%         1

Your spell library contained the following spells:

 Spells                   Type           Power      Damage    Failure   Level
 Ignite Poison            Fire/Tmut/Pois 3%         N/A       100%        3


Dungeon Overview and Level Annotations

Branches:
Dungeon (1/15)

Altars:


Innate Abilities, Weirdness & Mutations

You have extremely sharp teeth.
When hurt, damage is shared between your health and your magic reserves.
Your bite disrupts and absorbs the magic of your enemies.
Potions cannot restore your health.


Message History

Aiming: Sting (safe; 92% risk of failure)
Press: ? - help, Shift-Dir - straight line, f - gnoll
Aim: a gnoll, wielding a +0 flail (72% to hit)
You miscast Sting.
You are very lightly contaminated with residual magic.
Nothing appears to happen.
Casting: Sting (safe; 92% risk of failure)
Confirm with . or Enter, or press ? or * to list all spells.
Aiming: Sting (safe; 92% risk of failure)
Press: ? - help, Shift-Dir - straight line, f/p - gnoll
Aim: a gnoll, wielding a +0 flail (72% to hit)
You miscast Sting.
Nothing appears to happen.
You hit the gnoll but do no damage. The gnoll barely misses you.
You block the gnoll's attack.
Casting: Sting (safe; 92% risk of failure)
Confirm with . or Enter, or press ? or * to list all spells.
Aiming: Sting (safe; 92% risk of failure)
Press: ? - help, Shift-Dir - straight line, f/p - gnoll
Aim: a gnoll, wielding a +0 flail (72% to hit)
You miscast Sting.
Nothing appears to happen.
The gnoll hits you but does no damage.
Casting: Sting (safe; 92% risk of failure)
Confirm with . or Enter, or press ? or * to list all spells.
Okay, then.
You hit the gnoll.
The gnoll is moderately wounded.
The gnoll barely misses you.
You closely miss the gnoll.
The gnoll is moderately wounded.
The gnoll hits you with a +0 flail. x2
You hit the gnoll but do no damage. Your bite misses the gnoll.
The gnoll is moderately wounded.
The gnoll hits you with a +0 flail.
You closely miss the gnoll.
The gnoll is moderately wounded.
The gnoll hits you with a +0 flail.
* * * LOW HITPOINT WARNING * * *
It was a potion of curing.
That felt strangely inert.
The gnoll hits you with a +0 flail.
You die...

....####.# ...####........#
#....##.#................#
#....##.#....#####....†..#
#.....#.#.... ##...####
####.....#.#.... #.....#
........†..#....####.....#
########.###...... +.....#
...............#g# #.....#
.....#.......#.#@# #.....#
.....'.......#...# #######
.....#.......#..## #####
.....#.......#..# #...###
.....#..###..#..# ##......
####.#.......#..#
#####...#.#. #...#.#......#
#........... ###.....#.#>.#
#.......#.#.
#.#.#...#########...........


You could see a gnoll.

Vanquished Creatures
  2 bats (D:1)
  2 endoplasms (D:1)
  3 hobgoblins (D:1)
  3 jackals (D:1)
  2 kobolds (D:1)
  2 ball pythons (D:1)
  4 rats (D:1)
18 creatures vanquished.

Notes
Turn   | Place    | Note
-------+----------+-------------------------------------------
     0 | D:1      | promet the Vine Stalker Wanderer began the quest for the
                  | Orb.
     0 | D:1      | promet set off with the following items: a +0 club, a +0
                  | buckler, a scroll of fear, a +0 chain mail; and the
                  | following spell memorised: Sting; and the following spells
                  | available to memorise: Ignite Poison.
     0 | D:1      | Reached XP level 1. HP: 9/9 MP: 4/4
   244 | D:1      | Reached XP level 2. HP: 13/13 MP: 4/6
   727 | D:1      | Slain by a gnoll

Illustrated notes

Levels and vault maps discovered:
D:1:      noname_arrival_rooms_in_the_neighbourhood, layout_basic, serial_glass,
          glass_columns_a, glass_columns_a, glass_columns_a, glass_columns_a,
          glass_columns_a, item_on_display_a, feat_on_display,
          minmay_gold_behind_fungi

Action                     || total
---------------------------++-------
  Melee: Club              ||    63
         Bite              ||    13
   Cast: Sting             ||     3
    Use: Potion            ||     1
 Armour: Chain mail        ||    44
  Dodge: Dodged            ||    22
  Block: Buckler           ||    15

Table legend: (Time is in decaauts)
 A = Elapsed time spent in this place.
 B = Non-inter-level travel time spent in this place.
 C = Inter-level travel time spent in this place.
 D = Time resting spent in this place.
 E = Time spent auto-exploring this place.
 F = Levels seen in this place.
 G = Mean time per level.
                   A        B        C        D        E       F      G
               +--------+--------+--------+--------+--------+-----+--------+
         Total |    748 |    748 |      0 |    236 |    247 |   1 |  748.0 |
       Dungeon |    748 |    748 |      0 |    236 |    247 |   1 |  748.0 |
               +--------+--------+--------+--------+--------+-----+--------+

Top non-repeatable levels by time:
     D:1: 748 daAuts
